 Dungeon Crawl Stone Soup version 0.28-a0-796-gd4f0d3f9b2 (webtiles) character file.

Game seed: 663701797840937491

2425 Decritt the Fighter (level 9, -7/83 HPs)
             Began as a Minotaur Monk on Nov 6, 2021.
             Was a Priest of Elyvilon.
             Mangled by a cane toad (19 damage)
             ... on level 1 of the Lair of Beasts.
             The game lasted 00:28:49 (10028 turns).

Decritt the Fighter (Minotaur Monk)                Turns: 10028, Time: 00:28:50

Health: -7/83      AC: 10    Str: 19    XL:     9   Next: 24%
Magic:  6/10       EV: 11    Int:  7    God:    Elyvilon [***...]
Gold:   437        SH:  0    Dex: 13    Spells: 8/8 levels left

rFire   . . .      SeeInvis .   j - +0 quarterstaff
rCold   . . .      Faith    .   (shield currently unavailable)
rNeg    . . .      Spirit   .   f - +0 scale mail
rPois   .          Reflect  .   (helmet restricted)
rElec   .          Harm     .   (no cloak)
rCorr   .          Rampage  .   u - +1 pair of gloves
Will    .....                   (no boots)
Stlth   ..........              (no amulet)
HPRegen 0.23/turn               (no ring)
MPRegen 0.12/turn               (no ring)

@: no status effects
A: horns 2, retaliatory headbutt
a: Renounce Religion, Purification, Heal Other, Heal Self


You were on level 1 of the Lair of Beasts.
You worshipped Elyvilon.
Elyvilon was most pleased with you.
You visited 3 branches of the dungeon, and saw 11 of its levels.

You collected 437 gold pieces.

Inventory:

Hand Weapons
 j - a +0 quarterstaff (weapon)
Missiles
 w - a silver boomerang
 x - 10 stones
Armour
 f - a +0 scale mail (worn)
 i - a +0 leather armour of cold resistance
 u - a +1 pair of gloves (worn)
Wands
 b - a wand of flame (36) (quivered)
 s - a wand of iceblast (9)
Scrolls
 e - a scroll of brand weapon {unknown}
 g - a scroll of acquirement {unknown}
 h - a scroll of summoning {unknown}
 m - a scroll of vulnerability {unknown}
 n - a scroll of magic mapping {unknown}
 o - 3 scrolls of teleportation
 q - a scroll of noise {unknown}
 r - a scroll of silence {unknown}
 y - 2 scrolls of enchant armour
 A - a scroll of enchant weapon {unknown}
Potions
 a - 2 potions of lignification
 c - a potion of berserk rage {unknown}
 k - a potion of haste {unknown}
 l - a potion of attraction
 t - a potion of mutation {unknown}
 v - a potion of flight {unknown}
 z - a potion of might {unknown}
 B - a potion of ambrosia {unknown}


   Skills:
 + Level 9.2 Fighting
 + Level 8.1 Maces & Flails
 - Level 3.0 Throwing
 + Level 6.9 Armour
 + Level 4.9 Dodging
 - Level 1.5 Stealth
 + Level 3.1 Invocations


You had 8 spell levels left.
You didn't know any spells.
Your spell library contained the following spells:

 Spells                   Type           Power      Damage    Failure   Level
 Beastly Appendage        Tmut           0%         N/A       77%         1
 Static Discharge         Conj/Air       0%         N/A       88%         2
 Wereblood                Tmut           0%         N/A       88%         2
 Spider Form              Tmut/Pois      0%         N/A       98%         3
 Dispel Undead            Necr           0%         3d6       100%        4
 Sticky Flame             Conj/Fire      0%         2d3       100%        4


Dungeon Overview and Level Annotations

Branches:
Dungeon (9/15)             Temple (1/1) D:5            Lair (1/6) D:8
    Orc: D:9-12

Altars:
Cheibriados
Elyvilon
Fedhas
Gozag
Kikubaaqudgha
Makhleb
Qazlal
Sif Muna
Vehumet
Wu Jian
Xom
Zin
The Shining One

Shops:
D:2 [[[   D:4 [

Annotations:
D:8 Harold


Innate Abilities, Weirdness & Mutations

You have a pair of horns on your head.
You reflexively headbutt those who attack you in melee.


Message History

The centaur is moderately wounded.
Your surroundings suddenly seem different.
Found a staircase to the Lair.
You start resting.
Harold is nearby!
Harold shouts!
Harold says, "This is so exciting!
What a great way to end my career!"
There is a staircase to the Lair here.
Harold drinks a potion.
Harold's spells are empowered!
You climb downwards.
Welcome to the Lair of Beasts!
The black mamba hisses angrily.
Found 18 gold pieces.
There is a staircase back to the Dungeon here.
A cane toad comes into view.
The cane toad gives a loud, deep croak!
The black mamba barely misses you. The black mamba bites you.
* * * LOW HITPOINT WARNING * * *
You are poisoned.
The black mamba poisons you!
You are healed.
You feel very sick. The black mamba closely misses you.
The black mamba bites you but does no damage.
Okay, then.
You closely miss the black mamba. Your headbutt misses the black mamba.
You feel very sick.
The black mamba bites you but does no damage.
You are too injured to fight recklessly!
You feel better. The black mamba bites you!
* * * LOW HITPOINT WARNING * * *
You are poisoned.
The black mamba poisons you! The cane toad stings you!!
* * * LOW HITPOINT WARNING * * *
The black mamba barely misses you. You furiously retaliate!
You headbutt the black mamba, but do no damage.
You feel purified! The black mamba bites you!
* * * LOW HITPOINT WARNING * * *
The cane toad stings you!!
You die...

...... ......#
#...... #...S..
....$.
#...#########...
#.....SF.......
#..<..@#.##....
#.#......## .
#......#
#......#
##...### #...#
....# .#..##


You could see a black mamba and a cane toad.

Vanquished Creatures
  2 water moccasins
  3 ice beasts
  3 black bears
  A sky beast (D:7)
  An ogre (D:5)
  A centaur (D:7)
  2 phantoms
  A bullfrog (D:7)
  7 scorpions
  A water moccasin zombie (D:5)
  A howler monkey (D:5)
  A centaur zombie (D:5)
  4 hounds
  2 orc priests (D:6)
  A centaur skeleton (D:7)
  Ijyb (D:4)
  An iguana (D:7)
  4 orc wizards
  A mummy (D:6)
  Robin (D:3)
  A howler monkey skeleton (D:7)
  7 adders
  2 shadow imps
  A white imp (D:6)
  An adder zombie (D:5)
  3 worms
  An adder skeleton (D:5)
  A dart slug (D:1)
  22 orcs
  5 ball pythons
  7 endoplasms
  6 giant cockroaches
  37 goblins
  10 hobgoblins
  7 jackals
  7 kobolds
  7 quokkas
  3 bats
  2 frilled lizards
  A hobgoblin zombie (D:6)
  2 kobold zombies (D:6)
  An orc zombie (D:6)
  4 rats
177 creatures vanquished.

Vanquished Creatures (others)
  A goblin (D:3)
1 creature vanquished.

Grand Total: 178 creatures vanquished

Notes
Turn   | Place    | Note
-------+----------+-------------------------------------------
     0 | D:1      | Decritt the Minotaur Monk began the quest for the Orb.
     0 | D:1      | Reached XP level 1. HP: 19/19 MP: 0/0
    90 | D:1      | Reached skill level 4 in Fighting
    92 | D:1      | Reached XP level 2. HP: 26/27 MP: 1/1
   541 | D:1      | Found a faded altar of an unknown god.
   551 | D:1      | Reached XP level 3. HP: 25/34 MP: 2/2
   882 | D:2      | Found Ifeumori's Armour Shop.
   919 | D:2      | Found Uga Kue's Armour Shoppe.
  1160 | D:2      | Reached skill level 5 in Fighting
  1236 | D:2      | Found Hoqoir's Antique Armour Boutique.
  1593 | D:2      | Reached XP level 4. HP: 39/42 MP: 3/3
  1741 | D:3      | Found an ornate altar of the Wu Jian Council.
  1743 | D:3      | Noticed a black bear
  1754 | D:2      | Killed a black bear
  1755 | D:2      | Reached skill level 6 in Fighting
  1755 | D:2      | Reached skill level 5 in Maces & Flails
  1755 | D:2      | Reached XP level 5. HP: 37/50 MP: 4/4
  1980 | D:3      | Found a snail-covered altar of Cheibriados.
  2039 | D:3      | Found a radiant altar of Vehumet.
  2087 | D:3      | Found a shimmering blue altar of Sif Muna.
  2197 | D:3      | Noticed an ice beast
  2208 | D:3      | Killed an ice beast
  2209 | D:3      | Reached XP level 6. HP: 41/57 MP: 5/5
  2219 | D:3      | Noticed Robin
  2517 | D:3      | Killed Robin
  4372 | D:4      | Found Cuvveq's Antique Armour Shop.
  4659 | D:4      | Reached XP level 7. HP: 18/64 MP: 6/6
  5045 | D:4      | Reached skill level 5 in Armour
  5283 | D:4      | Noticed Ijyb
  5306 | D:4      | Killed Ijyb
  5529 | D:5      | Entered Level 5 of the Dungeon
  5587 | D:5      | Reached skill level 7 in Fighting
  5619 | D:5      | Reached skill level 1 in Throwing
  6050 | D:5      | Reached XP level 8. HP: 43/73 MP: 7/7
  6293 | D:5      | Found a staircase to the Ecumenical Temple.
  6303 | Temple   | Entered the Ecumenical Temple
  6314 | Temple   | Became a worshipper of Elyvilon the Healer
  6314 | Temple   | Reached * piety under Elyvilon
  6314 | Temple   | Reached ** piety under Elyvilon
  6780 | D:6      | Reached skill level 8 in Fighting
  6780 | D:6      | Reached skill level 1 in Invocations
  8338 | D:7      | Found a shimmering altar of Xom.
  8338 | D:7      | Found a shimmering altar of Xom.
  8340 | D:7      | Found a shimmering altar of Xom.
  8340 | D:7      | Found a shimmering altar of Xom.
  8340 | D:7      | Found a shimmering altar of Xom.
  8392 | D:7      | Reached *** piety under Elyvilon
  8520 | D:7      | Reached XP level 9. HP: 69/82 MP: 9/9
  8594 | D:7      | Reached skill level 9 in Fighting
  8812 | D:7      | Noticed a satyr
  8814 | D:7      | Noticed a moth of wrath
  8816 | D:7      | Noticed a salamander
  8816 | D:7      | a moth of wrath changed into a salamander
  8827 | D:7      | a salamander changed into a redback
  8830 | D:7      | Noticed a water nymph
  8830 | D:7      | a redback changed into a water nymph
  9376 | D:7      | Noticed a guardian serpent
  9379 | D:7      | Noticed a moth of wrath
  9379 | D:7      | a guardian serpent changed into a moth of wrath
  9381 | D:7      | Noticed an orb spider
  9381 | D:7      | a hog changed into an orb spider
  9384 | D:7      | Noticed a troll
  9384 | D:7      | a moth of wrath changed into a troll
  9430 | D:7      | Noticed a komodo dragon
  9445 | D:7      | Found a blossoming altar of Fedhas.
  9456 | D:7      | Noticed a cane toad
  9977 | D:8      | Noticed Harold
 10005 | D:8      | Found a staircase to the Lair.
 10019 | Lair:1   | Entered Level 1 of the Lair of Beasts
 10019 | Lair:1   | Noticed a black mamba
 10022 | Lair:1   | Noticed a cane toad
 10028 | Lair:1   | Mangled by a cane toad

Illustrated notes

Levels and vault maps discovered:
D:1:      amcnicky_arrival_underground_garden, layout_rooms,
          dreamdust_ecumenical_altar_angels_and_demons, kennysheep_flooded_box,
          minmay_misc_feat_diagonals
D:2:      kennysheep_the_goblin_king, layout_loops_ring, serial_shops,
          shop_coins, shop, nicolae_shop_behind_doors
D:3:      layout_loops_ring, general_overflow_altar,
          lemuel_coloured_pillars_altar, mainiacjoe_overflow_large_starburst,
          gup_sewer_entry_spiral, uniq_robin
D:4:      kennysheep_goblin_castle, layout_rooms, grunt_ministairs_10,
          kennysheep_windowed_goal
D:5:      layout_cave_pools, lemuel_temple_firewalk_b
D:6:      layout_cave_pools, hangedman_glass_teeth, hellmonk_bongcloud_opening,
          minmay_mini_ossuary
D:7:      layout_gridville, overflow_temple_1_default, xom_shifter_show,
          enter_bailey_5
D:8:      layout_loops_cross, lair_entry_dummy, wad_floor_pattern_2,
          kb_lookout_dungeons_type, minmay_fountain_box, kennysheep_potato,
          uniq_harold
D:9:      layout_long_grid, minmay_misc_feat_nine_boxes,
          minmay_misc_feat_four_crosses, minivault_25,
          minmay_hollow_rounded_squares
Temple:   compressed_dpeg_circular_temple
Lair:1:   layout_misc_corridors, uniq_urug

Skill      XL: |  1  2  3  4  5  6  7  8  9 |
---------------+----------------------------+-----
Fighting       | 4 5 6 7 8 9 |  9.2
Maces & Flails | 4 5 6 7 8 |  8.1
Armour         | 2 4 6 |  6.9
Dodging        | 4 |  4.9
Throwing       | 1 3 |  3.0
Invocations    | 2 3 |  3.1
Stealth        | |  1.5

Action                   |  1- 3 |  4- 6 |  7- 9 || total
-------------------------+-------+-------+-------++-------
Melee: Mace              |    63 |       |       ||    63
       Headbutt          |     6 |    30 |    55 ||    91
       Quarterstaff      |    14 |   172 |   252 ||   438
Throw: Stone             |    69 |    63 |   102 ||   234
       Boomerang         |       |       |    56 ||    56
Invok: Purification      |       |       |     2 ||     2
       Heal Self         |       |       |     2 ||     2
Evoke: Wand              |       |       |     4 ||     4
  Use: Scroll            |       |     2 |     8 ||    10
       Potion            |       |       |     2 ||     2
 Stab: Sleeping          |     2 |       |       ||     2
Armor: Robe              |     5 |       |       ||     5
       Leather armour    |     6 |       |       ||     6
       Ring mail         |       |    56 |       ||    56
       Scale mail        |       |    19 |   114 ||   133
Dodge: Dodged            |    44 |   127 |   149 ||   320

Table legend: (Time is in decaauts)
 A = Elapsed time spent in this place.
 B = Non-inter-level travel time spent in this place.
 C = Inter-level travel time spent in this place.
 D = Time resting spent in this place.
 E = Time spent auto-exploring this place.
 F = Levels seen in this place.
 G = Mean time per level.
                   A        B        C        D        E       F      G
               +--------+--------+--------+--------+--------+-----+--------+
         Total |  10164 |   9969 |    195 |   3038 |   4919 |  11 |  924.0 |
       Dungeon |  10125 |   9930 |    195 |   3038 |   4916 |   9 | 1125.0 |
        Temple |     30 |     30 |      0 |      0 |      3 |   1 |   30.0 |
          Lair |      8 |      8 |      0 |      0 |      0 |   1 |    8.0 |
               +--------+--------+--------+--------+--------+-----+--------+

Top non-repeatable levels by time:
     D:5: 1897 daAuts
     D:3: 1861 daAuts
     D:2: 1631 daAuts
     D:7: 1484 daAuts
     D:4: 1357 daAuts
     D:6: 893 daAuts
     D:1: 783 daAuts
     D:8: 211 daAuts
  Temple: 30 daAuts
  Lair:1: 8 daAuts
     D:9: 3 daAuts
